[Event "ICC tourney 2308 (3 2)"]
[Site "Internet Chess Club"]
[Date "2021.01.15"]
[Round "1"]
[White "WaSabi5829"]
[Black "MarfaEs"]
[Result "0-1"]
[ICCResult "White resigns"]
[WhiteElo "1386"]
[BlackElo "2004"]
[Opening "English: symmetrical variation"]
[ECO "A35"]
[NIC "EO.64"]
[Time "20:01:21"]
[PlyCount "64"]
[TimeControl "180+2"]

1. c4 c5 2. Nc3 Nc6 3. e4 g6 4. d3 Bg7 5. Nge2 Nf6 6. g3 d6 7. Bg2 O-O 8.
O-O Nd4 9. Nxd4 cxd4 10. Ne2 Nd7 11. f4 a5 12. a3 Nc5 13. h3 Bd7 14. b3 b5
15. Rb1 bxc4 16. bxc4 Ba4 17. Qd2 Nb3 18. Qe1 Rb8 19. Bb2 e5 20. f5 Nc5 21.
Nc1 Bc2 22. Na2 Nxd3 23. Qd2 Bxb1 24. Rxb1 Nxb2 25. Rxb2 Rxb2 26. Qxb2 Qb8
27. Qd2 Qb1+ 28. Kh2 Rb8 29. Nc1 Rb2 30. Qxa5 Qxc1 31. Qd8+ Bf8 32. a4 Qd2
{ White resigns } 0-1

[Event "ICC tourney 2308 (3 2)"]
[Site "Internet Chess Club"]
[Date "2021.01.15"]
[Round "1"]
[White "Gnanathan"]
[Black "mchessmaster"]
[Result "0-1"]
[ICCResult "White resigns"]
[WhiteElo "1101"]
[BlackElo "1955"]
[Opening "Scotch game"]
[ECO "C45"]
[NIC "SO.05"]
[Time "20:01:42"]
[PlyCount "104"]
[TimeControl "180+2"]

1. e4 e5 2. Nf3 Nc6 3. d4 exd4 4. Nxd4 Bc5 5. Be3 Nxd4 6. Bxd4 Bxd4 7. Qxd4
Qf6 8. Qxf6 Nxf6 9. Nc3 O-O 10. Bd3 Re8 11. O-O b6 12. f4 Bb7 13. Rfe1 a6
14. a4 Re7 15. b4 Rae8 16. e5 Nh5 17. g3 d6 18. b5 a5 19. Be4 Bxe4 20. Rxe4
dxe5 21. Rae1 Nf6 22. Rxe5 Rxe5 23. Rxe5 Rxe5 24. fxe5 Nd7 25. Nd5 Nxe5 26.
Nxc7 Nc4 27. Nd5 f6 28. Kf2 Kf7 29. Ke2 Ke6 30. Ne3 Nxe3 31. Kxe3 Kd5 32.
Kd3 Kc5 33. Kc3 g5 34. Kd3 f5 35. c4 h5 36. h3 Kb4 37. Kd4 Kxa4 38. c5 Kxb5
39. Ke5 a4 40. Kxf5 a3 41. Kxg5 a2 42. Kxh5 a1=Q 43. g4 Qf1 44. g5 Qxh3+
45. Kg6 bxc5 46. Kf6 c4 47. g6 c3 48. g7 Qg3 49. Kf7 c2 50. g8=Q Qxg8+ 51.
Kxg8 c1=Q 52. Kf7 Qe3 { White resigns } 0-1

[Event "ICC tourney 2308 (3 2)"]
[Site "Internet Chess Club"]
[Date "2021.01.15"]
[Round "1"]
[White "PappusChain923"]
[Black "KingRayfish"]
[Result "1-0"]
[ICCResult "Black checkmated"]
[WhiteElo "2147"]
[BlackElo "1469"]
[Opening "Queen's pawn: Charlick (Englund) gambit"]
[ECO "A40"]
[NIC "QO.17"]
[Time "20:01:38"]
[PlyCount "71"]
[TimeControl "180+2"]

1. d4 e5 2. dxe5 Bc5 3. Bf4 Nc6 4. Nf3 d6 5. exd6 cxd6 6. e3 Nf6 7. Bd3 O-O
8. O-O Re8 9. Nc3 Bg4 10. h3 Bxf3 11. Qxf3 Ne5 12. Bxe5 dxe5 13. Rad1 e4
14. Nxe4 Nxe4 15. Bxe4 Qg5 16. Rd5 Re5 17. Rd7 Rf8 18. c3 b5 19. Rfd1 f5
20. Bd5+ Kh8 21. Bb3 h6 22. R1d5 f4 23. Rxe5 Qxe5 24. Rd5 Qc7 25. e4 Re8
26. Bc2 b4 27. e5 g5 28. Qd3 bxc3 29. Rd7 Bxf2+ 30. Kh1 Re7 31. Rxc7 Rxc7
32. Qd8+ Kg7 33. Qxc7+ Kf8 34. e6 Kg8 35. Qf7+ Kh8 36. Qf8# { Black
checkmated } 1-0

[Event "ICC tourney 2308 (3 2)"]
[Site "Internet Chess Club"]
[Date "2021.01.15"]
[Round "1"]
[White "stephenwilly"]
[Black "GLeschinsky"]
[Result "0-1"]
[ICCResult "White checkmated"]
[WhiteElo "1460"]
[BlackElo "2103"]
[Opening "Caro-Kann: anti-anti-Caro-Kann defense"]
[ECO "B10"]
[NIC "CK.01"]
[Time "20:01:28"]
[PlyCount "96"]
[TimeControl "180+2"]

1. e4 c6 2. c4 d5 3. cxd5 cxd5 4. exd5 Nf6 5. d4 Nxd5 6. Nc3 Nc6 7. Nf3 e6
8. Bd3 Be7 9. Be3 O-O 10. O-O Nxc3 11. bxc3 b6 12. Qc2 g6 13. Rfe1 Bb7 14.
Rad1 Rc8 15. Qb1 Na5 16. Be4 Rxc3 17. Bd2 Bxe4 18. Qxe4 Rc8 19. Bh6 Re8 20.
Ne5 Qd5 21. Qf4 f6 22. Ng4 Qf5 23. Qg3 Kh8 24. Ne3 Qh5 25. Bf4 Bf8 26. Ng4
Bg7 27. h3 Qd5 28. Qh4 g5 29. Nxf6 gxh4 30. Nxd5 exd5 31. Re3 Rxe3 32. Bxe3
Nc4 33. Bg5 Re8 34. Bxh4 h6 35. Bg3 Re2 36. a4 Ra2 37. f4 Ne3 38. Rd3 Rxg2+
39. Kh1 Rxg3 40. Kh2 Nf1+ 41. Kh1 Rxd3 42. Kg2 Ne3+ 43. Kf3 Nf5+ 44. Kg4
Ne7 45. f5 Bf6 46. Kh5 Rg3 47. a5 Rg5+ 48. Kh4 Nxf5# { White checkmated }
0-1

[Event "ICC tourney 2308 (3 2)"]
[Site "Internet Chess Club"]
[Date "2021.01.15"]
[Round "1"]
[White "YKQ"]
[Black "hackerguru"]
[Result "1-0"]
[ICCResult "Black resigns"]
[WhiteElo "2550"]
[BlackElo "1750"]
[Opening "Sicilian: Nimzovich-Rossolimo attack (with ...g6, without ...d6)"]
[ECO "B31"]
[NIC "SI.31"]
[Time "20:01:38"]
[PlyCount "101"]
[TimeControl "180+2"]

1. e4 c5 2. Nf3 Nc6 3. Bb5 g6 4. O-O Bg7 5. Re1 Nf6 6. e5 Nd5 7. Nc3 Nxc3
8. dxc3 O-O 9. Bf4 a6 10. Bf1 b6 11. Qd2 f6 12. Rad1 fxe5 13. Nxe5 Nxe5 14.
Bxe5 Bxe5 15. Rxe5 d6 16. Qd5+ Kg7 17. Qxa8 Qc7 18. Re3 Bb7 19. Qa7 Ra8 20.
Rxe7+ Qxe7 21. Qxb6 d5 22. b4 Rc8 23. Bxa6 Bxa6 24. Qxa6 Re8 25. h3 cxb4
26. cxb4 Qxb4 27. Qa7+ Re7 28. Qd4+ Qxd4 29. Rxd4 Ra7 30. a4 Rc7 31. Rxd5
Rxc2 32. a5 Ra2 33. g4 Kf6 34. Rb5 h6 35. Kg2 Ra3 36. h4 Ra4 37. Kg3 Ra3+
38. f3 Ra4 39. h5 gxh5 40. Rxh5 Kg6 41. Rb5 Ra1 42. Rb6+ Kg7 43. a6 Kh7 44.
Kf4 Ra4+ 45. Kf5 Ra5+ 46. Kf6 Ra3 47. Rb7+ Kg8 48. a7 Ra6+ 49. Kf5 Ra5+ 50.
Kf4 Ra4+ 51. Kg3 { Black resigns } 1-0

[Event "ICC tourney 2308 (3 2)"]
[Site "Internet Chess Club"]
[Date "2021.01.15"]
[Round "1"]
[White "PearsonH"]
[Black "Assured"]
[Result "0-1"]
[ICCResult "White forfeits on time"]
[WhiteElo "1752"]
[BlackElo "2552"]
[Opening "Queen's pawn: London system"]
[ECO "A45"]
[NIC "QP.07"]
[Time "20:01:36"]
[PlyCount "58"]
[TimeControl "180+2"]

1. d4 Nf6 2. Bf4 e6 3. e3 b6 4. Nd2 Bb7 5. Ngf3 d6 6. c3 Nbd7 7. Bd3 Qe7 8.
Bg3 e5 9. dxe5 dxe5 10. e4 g6 11. Qe2 Bg7 12. O-O O-O 13. Rfe1 Rad8 14. Nc4
Nh5 15. Bh4 Bf6 16. Bxf6 Qxf6 17. g3 Qe7 18. Ncd2 Nc5 19. Bc2 a5 20. a3 a4
21. Rad1 Nf6 22. Qe3 Ng4 23. Qe2 Ba6 24. c4 Nf6 25. Rf1 Rd6 26. Ne1 Rfd8
27. Ng2 Bb7 28. f4 exf4 29. e5 Rd4 { White forfeits on time } 0-1

[Event "ICC tourney 2308 (3 2)"]
[Site "Internet Chess Club"]
[Date "2021.01.15"]
[Round "1"]
[White "RatislavK"]
[Black "jy2020"]
[Result "0-1"]
[ICCResult "White checkmated"]
[WhiteElo "1533"]
[BlackElo "2213"]
[Opening "Sicilian: Alapin's variation (2.c3)"]
[ECO "B22"]
[NIC "SI.47"]
[Time "20:01:32"]
[PlyCount "114"]
[TimeControl "180+2"]

1. e4 c5 2. c3 Nf6 3. e5 Nd5 4. d4 cxd4 5. cxd4 d6 6. Bc4 Nb6 7. Bb3 dxe5
8. Qf3 e6 9. dxe5 Nc6 10. Be3 Nxe5 11. Qe2 Bb4+ 12. Nc3 Bxc3+ 13. bxc3 Nd5
14. Bd4 Nc6 15. Bxg7 Rg8 16. Qh5 Rxg7 17. Rd1 Qg5 18. Qxg5 Rxg5 19. g3 Nxc3
20. Rd3 Rc5 21. Nf3 Ne5 22. Nxe5 Rxe5+ 23. Kf1 Rc5 24. Kg2 Bd7 25. Rc1 Rac8
26. Rc2 Bc6+ 27. f3 Bb5 28. Rd6 Ke7 29. Rcd2 Nd5 30. Bxd5 Kxd6 31. Bxb7+
Ke7 32. Bxc8 Rxc8 33. Rb2 a6 34. h4 Rc3 35. f4 Kd6 36. g4 Kd5 37. f5 exf5
38. gxf5 Ke4 39. Rf2 Bd3 40. f6 Rc2 41. Kg3 Rxf2 42. Kxf2 Kf5 43. Ke3 Bb5
44. Kd4 Kxf6 45. h5 Kg5 46. Kc5 f5 47. Kb4 f4 48. a4 Bxa4 49. h6 f3 50.
Kxa4 f2 51. Ka5 f1=Q 52. Ka4 Qb5+ 53. Ka3 Kf4 54. Ka2 Ke3 55. Ka3 Kd2 56.
Ka2 Kc2 57. Ka1 Qb2# { White checkmated } 0-1

[Event "ICC tourney 2308 (3 2)"]
[Site "Internet Chess Club"]
[Date "2021.01.15"]
[Round "1"]
[White "drberkley"]
[Black "kittypuppy"]
[Result "1-0"]
[ICCResult "Black forfeits on time"]
[WhiteElo "1952"]
[BlackElo "1058"]
[Opening "Caro-Kann: Bronstein-Larsen variation"]
[ECO "B16"]
[NIC "CK.07"]
[Time "20:01:20"]
[PlyCount "67"]
[TimeControl "180+2"]

1. e4 c6 2. Nc3 d5 3. d4 dxe4 4. Nxe4 Nf6 5. Nxf6+ gxf6 6. Nf3 Bg4 7. Be2
e6 8. Be3 Bd6 9. c4 Nd7 10. c5 Bc7 11. Qd2 Qe7 12. a4 a6 13. b4 a5 14. b5
cxb5 15. axb5 a4 16. O-O Rg8 17. b6 Bb8 18. Qc2 Bh3 19. Qxh7 Rxg2+ 20. Kh1
Rg6 21. Qxh3 Qf8 22. Bb5 Rh6 23. Qg4 f5 24. Qg2 Ke7 25. Bxh6 Qxh6 26. Qg5+
Qxg5 27. Nxg5 Nf6 28. Rxa4 Rxa4 29. Bxa4 Bf4 30. Nf3 Ne4 31. c6 bxc6 32.
Bxc6 Nd6 33. b7 Nc4 34. Ne5 { Black forfeits on time } 1-0

[Event "ICC tourney 2308 (3 2)"]
[Site "Internet Chess Club"]
[Date "2021.01.15"]
[Round "1"]
[White "BrodskyUTD"]
[Black "Shakhmatova"]
[Result "1-0"]
[ICCResult "Black checkmated"]
[WhiteElo "2564"]
[BlackElo "1756"]
[Opening "QP counter-gambit (elephant gambit)"]
[ECO "C40"]
[NIC "KP.10"]
[Time "20:01:26"]
[PlyCount "119"]
[TimeControl "180+2"]

1. e4 e5 2. Nf3 d5 3. exd5 e4 4. Qe2 Nf6 5. Nc3 Be7 6. Nxe4 O-O 7. d3 Re8
8. Bd2 Nxd5 9. O-O-O Nc6 10. Be3 Nxe3 11. fxe3 f5 12. Nc3 Be6 13. Kb1 Bb4
14. Qd2 a5 15. d4 Ne7 16. a3 Nd5 17. axb4 axb4 18. Nb5 Nxe3 19. Re1 f4 20.
Qxb4 Qd5 21. Nc3 Qf5 22. Bd3 Qg4 23. Ne5 Qxg2 24. Rhg1 Qh3 25. Qxb7 Reb8
26. Qe4 Bf5 27. Qxf4 Bxd3 28. Nxd3 g6 29. Qxe3 Qd7 30. Qe6+ Qf7 31. Qxf7+
Kxf7 32. Rgf1+ Kg7 33. Re7+ Kh6 34. Rff7 Rb6 35. Rxh7+ Kg5 36. Re5+ Kg4 37.
Rxc7 Rf8 38. Re1 Kh3 39. Rh7+ Kg2 40. Re2+ Kf1 41. Re1+ Kg2 42. Ne5 Rfb8
43. b3 Ra6 44. Rg7 Rba8 45. Rxg6+ Kf2 46. Rxa6 Rxa6 47. Re2+ Kf1 48. Nd3
Rg6 49. Rf2+ Kg1 50. Ne2+ Kh1 51. Rf1+ Kxh2 52. Kb2 Rg2 53. Rf2 Kh3 54.
Rxg2 Kxg2 55. d5 Kf3 56. d6 Kxe2 57. d7 Kd2 58. d8=Q Kd1 59. Qe7 Kd2 60.
Qe1# { Black checkmated } 1-0

[Event "ICC tourney 2308 (3 2)"]
[Site "Internet Chess Club"]
[Date "2021.01.15"]
[Round "1"]
[White "vikram251107"]
[Black "ZYCON"]
[Result "1-0"]
[ICCResult "Black checkmated"]
[WhiteElo "2002"]
[BlackElo "1385"]
[Opening "Sicilian: Prins (Moscow) variation"]
[ECO "B55"]
[NIC "SI.01"]
[Time "20:01:23"]
[PlyCount "145"]
[TimeControl "180+2"]

1. e4 c5 2. Nf3 d6 3. d4 cxd4 4. Nxd4 Nf6 5. f3 g6 6. c4 Bg7 7. Nc3 O-O 8.
Be3 Nc6 9. Nc2 Be6 10. Qd2 Qa5 11. Be2 Ne5 12. b3 Rfc8 13. Nd4 Bd7 14. O-O
Nc6 15. Rad1 Nxd4 16. Bxd4 Be6 17. Rc1 Nd7 18. Bxg7 Kxg7 19. Qd4+ Nf6 20.
Rc2 Qc5 21. Qxc5 Rxc5 22. Rfc1 Rac8 23. Bd3 Nd7 24. Nd5 Bxd5 25. cxd5 Rxc2
26. Rxc2 Rxc2 27. Bxc2 Kf6 28. Kf2 Ke5 29. Ke3 g5 30. g3 h6 31. f4+ gxf4+
32. gxf4+ Kf6 33. b4 Nb6 34. Kd4 e6 35. dxe6 fxe6 36. a4 a6 37. e5+ dxe5+
38. fxe5+ Ke7 39. a5 Nd7 40. Be4 b6 41. Bc6 bxa5 42. bxa5 Kd8 43. Bxd7 Kxd7
44. Kc5 Kc7 45. h3 h5 46. h4 Kd7 47. Kb6 Ke7 48. Kxa6 Kd7 49. Kb7 Ke7 50.
a6 Kf7 51. a7 Kg6 52. a8=Q Kf5 53. Qa5 Kg4 54. Qb4+ Kf5 55. Qc3 Kg4 56. Qe1
Kf5 57. Qf1+ Kxe5 58. Kc6 Kd4 59. Qf6+ e5 60. Kd6 Ke4 61. Qxe5+ Kf3 62.
Qxh5+ Ke3 63. Qf5 Kd4 64. h5 Kc3 65. h6 Kb4 66. h7 Ka3 67. h8=Q Kb3 68.
Qhh3+ Kc4 69. Qf4+ Kb5 70. Qh5+ Kb6 71. Qf6 Ka6 72. Kc7+ Ka7 73. Qa5# {
Black checkmated } 1-0

[Event "ICC tourney 2308 (3 2)"]
[Site "Internet Chess Club"]
[Date "2021.01.15"]
[Round "1"]
[White "sarvadh"]
[Black "Kinawa"]
[Result "1-0"]
[ICCResult "Black checkmated"]
[WhiteElo "2250"]
[BlackElo "1535"]
[Opening "Caro-Kann: Steinitz variation"]
[ECO "B17"]
[NIC "CK.05"]
[Time "20:01:21"]
[PlyCount "107"]
[TimeControl "180+2"]

1. e4 c6 2. d4 d5 3. Nc3 dxe4 4. Nxe4 Nd7 5. Bd3 Ngf6 6. Ng5 e6 7. N1f3 Bd6
8. O-O O-O 9. Ne4 Nxe4 10. Bxe4 Nf6 11. Bd3 b6 12. Bg5 Bb7 13. Qe2 Be7 14.
Rad1 Rc8 15. Rfe1 Qc7 16. Ne5 c5 17. dxc5 bxc5 18. Ba6 Bxa6 19. Qxa6 Nd5
20. Bxe7 Qxe7 21. a3 Qg5 22. Qc4 Nf4 23. Qe4 Nd5 24. c4 Nf6 25. Qe3 Qxe3
26. Rxe3 Rfd8 27. Red3 Rxd3 28. Rxd3 g6 29. f3 Kg7 30. Rd6 Rc7 31. b4 cxb4
32. axb4 Nh5 33. c5 Nf4 34. Rc6 Rxc6 35. Nxc6 Nd5 36. b5 Kf6 37. Nxa7 Ke7
38. b6 Kd7 39. Kf2 Nb4 40. Ke3 f5 41. Kd4 Nc6+ 42. Nxc6 Kxc6 43. Ke5 Kxc5
44. b7 Kc6 45. b8=Q Kc5 46. Qc7+ Kb4 47. Qxh7 Kb3 48. Qxg6 f4 49. Qxe6+ Kb2
50. Qc4 Kb1 51. Kd4 Ka1 52. Kc3 Kb1 53. Qb3+ Ka1 54. Qb2# { Black
checkmated } 1-0

[Event "ICC tourney 2308 (3 2)"]
[Site "Internet Chess Club"]
[Date "2021.01.15"]
[Round "1"]
[White "funpawn"]
[Black "saif-shawkat"]
[Result "0-1"]
[ICCResult "White forfeits on time"]
[WhiteElo "1794"]
[BlackElo "2059"]
[Opening "Ruy Lopez: 5.O-O"]
[ECO "C78"]
[NIC "RL.12"]
[Time "20:01:28"]
[PlyCount "116"]
[TimeControl "180+2"]

1. e4 e5 2. Nf3 Nc6 3. Bb5 a6 4. Ba4 Nf6 5. O-O b5 6. Bb3 Bc5 7. a4 Rb8 8.
Nxe5 Nxe5 9. d4 Bxd4 10. Qxd4 d6 11. f4 Nc6 12. Qc3 Ne7 13. Qd3 O-O 14. Nc3
b4 15. Nd5 Nexd5 16. exd5 Re8 17. Bd2 a5 18. Rae1 c5 19. dxc6 Qb6+ 20. Kh1
Ba6 21. Bc4 Bxc4 22. Qxc4 d5 23. Qb5 Rec8 24. Qxb6 Rxb6 25. c7 Rxc7 26. c3
Ne4 27. Be3 Rh6 28. f5 Ng3+ 29. Kg1 Nxf1 30. Bxh6 gxh6 31. Kxf1 bxc3 32.
bxc3 Rxc3 33. f6 Kf8 34. Rb1 Ke8 35. Rb5 d4 36. Rxa5 d3 37. Rd5 Ra3 38. a5
d2 39. Rxd2 Rxa5 40. Re2+ Kd8 41. g4 Ra6 42. Rf2 Kd7 43. Kg2 Ra3 44. Re2
Ra8 45. Re7+ Kd6 46. Rxf7 Ke6 47. Rxh7 Kxf6 48. Rxh6+ Kg5 49. Rb6 Kxg4 50.
Rb4+ Kg5 51. Kg3 Ra3+ 52. Kg2 Rc3 53. Rd4 Ra3 54. Rd5+ Kg4 55. h3+ Kh4 56.
Rd4+ Kh5 57. Rb4 Kg5 58. Rb5+ Kh4 { White forfeits on time } 0-1

[Event "ICC tourney 2308 (3 2)"]
[Site "Internet Chess Club"]
[Date "2021.01.15"]
[Round "1"]
[White "coolsportsguy"]
[Black "muzikmixer"]
[Result "1-0"]
[ICCResult "Black checkmated"]
[WhiteElo "2330"]
[BlackElo "1633"]
[Opening "Pirc: Ufimtsev-Pytel variation"]
[ECO "B07"]
[NIC "PU.08"]
[Time "20:01:22"]
[PlyCount "145"]
[TimeControl "180+2"]

1. d4 d6 2. e4 Nf6 3. Nc3 c6 4. Be3 Qa5 5. Qd2 e5 6. h3 Be7 7. Nf3 Nbd7 8.
Be2 exd4 9. Nxd4 O-O 10. Nf5 Re8 11. Nxe7+ Rxe7 12. O-O Re8 13. f3 d5 14.
Nxd5 Qxd2 15. Nxf6+ Nxf6 16. Bxd2 Be6 17. Rfd1 Red8 18. a3 Kf8 19. Bg5 Ke8
20. e5 Rxd1+ 21. Rxd1 Nd5 22. c4 Nb6 23. b3 Nd7 24. f4 h6 25. Bh4 f6 26.
exf6 Nxf6 27. g4 Rd8 28. Rxd8+ Kxd8 29. f5 Bf7 30. Kf2 Kd7 31. Ke3 b6 32.
b4 c5 33. bxc5 bxc5 34. Kf4 Kd6 35. Bg3 Nd7 36. Ke4+ Kc6 37. Kd3 Nb6 38.
Bf3+ Kd7 39. Be5 Ke8 40. Bxg7 Bxc4+ 41. Kc3 Ke7 42. Bxh6 Kf7 43. g5 Bf1 44.
h4 Bh3 45. f6 Bf5 46. Bh5+ Bg6 47. Bxg6+ Kxg6 48. h5+ Kxh5 49. f7 Nd7 50.
a4 Kg6 51. f8=Q Nxf8 52. Bxf8 Kxg5 53. Kc4 Kf6 54. a5 a6 55. Kxc5 Ke6 56.
Kb6 Kd7 57. Kb7 Kd8 58. Bc5 Kd7 59. Bb6 Kd6 60. Kxa6 Kc6 61. Ka7 Kb5 62.
Kb7 Kc4 63. a6 Kd5 64. a7 Ke6 65. a8=Q Ke5 66. Qe8+ Kd5 67. Qe7 Kc4 68. Kc6
Kd3 69. Kd5 Kc3 70. Qe3+ Kb4 71. Bc5+ Kb5 72. Qb3+ Ka6 73. Qb6# { Black
checkmated } 1-0

[Event "ICC tourney 2308 (3 2)"]
[Site "Internet Chess Club"]
[Date "2021.01.15"]
[Round "2"]
[White "SuperBlueSky"]
[Black "Gnanathan"]
[Result "1-0"]
[ICCResult "Black resigns"]
[WhiteElo "1562"]
[BlackElo "1101"]
[Opening "QGD: Ragozin variation"]
[ECO "D38"]
[NIC "NI.27"]
[Time "20:13:19"]
[PlyCount "29"]
[TimeControl "180+2"]

1. d4 d5 2. c4 e6 3. Nc3 Nf6 4. Nf3 Bb4 5. Qc2 b6 6. e3 Bb7 7. Bd2 Bxc3 8.
Bxc3 dxc4 9. Bxc4 Bxf3 10. gxf3 Nc6 11. Bb5 Qd7 12. Qa4 Qd8 13. Bxc6+ Ke7
14. Bb4+ Qd6 15. Bxd6+ { Black resigns } 1-0

[Event "ICC tourney 2308 (3 2)"]
[Site "Internet Chess Club"]
[Date "2021.01.15"]
[Round "2"]
[White "Openyagami"]
[Black "pyaru536"]
[Result "1-0"]
[ICCResult "Black resigns"]
[WhiteElo "2606"]
[BlackElo "2092"]
[Opening "English opening: Agincourt variation"]
[ECO "A13"]
[NIC "RE.12"]
[Time "20:13:21"]
[PlyCount "53"]
[TimeControl "180+2"]

1. c4 e6 2. Nf3 d5 3. g3 dxc4 4. Qa4+ c6 5. Qxc4 b5 6. Qc2 Bb7 7. Bg2 c5 8.
a4 a6 9. O-O Nf6 10. axb5 axb5 11. Rxa8 Bxa8 12. Na3 Qb6 13. Qb3 Bc6 14.
Ne5 Bxg2 15. Kxg2 Bd6 16. Nf3 b4 17. Nc4 Qc7 18. d4 O-O 19. Nxd6 Qxd6 20.
Bf4 Qb6 21. dxc5 Qxc5 22. Rc1 Qb5 23. Bd6 Re8 24. Qxb4 Qxb4 25. Bxb4 Nd5
26. Bd6 Nc6 27. Rxc6 { Black resigns } 1-0

[Event "ICC tourney 2308 (3 2)"]
[Site "Internet Chess Club"]
[Date "2021.01.15"]
[Round "2"]
[White "kurumania"]
[Black "vikram251107"]
[Result "1-0"]
[ICCResult "Black resigns"]
[WhiteElo "2514"]
[BlackElo "2002"]
[Opening "Caro-Kann: two knights variation"]
[ECO "B11"]
[NIC "CK.01"]
[Time "20:13:26"]
[PlyCount "41"]
[TimeControl "180+2"]

1. e4 c6 2. Nc3 d5 3. Nf3 dxe4 4. Nxe4 Nf6 5. Qe2 Nxe4 6. Qxe4 e6 7. d4 Bd6
8. Bd3 Nd7 9. Qg4 g6 10. Bh6 f5 11. Qh3 Bf8 12. O-O Bxh6 13. Qxh6 Qf6 14.
Rae1 c5 15. d5 e5 16. Nxe5 Nxe5 17. f4 Kd8 18. fxe5 Qb6 19. Kh1 Re8 20. e6
Qc7 21. Bb5 { Black resigns } 1-0

[Event "ICC tourney 2308 (3 2)"]
[Site "Internet Chess Club"]
[Date "2021.01.15"]
[Round "2"]
[White "Shakhmatova"]
[Black "CheddarCheng1"]
[Result "1-0"]
[ICCResult "Black resigns"]
[WhiteElo "1756"]
[BlackElo "1424"]
[Opening "Danish gambit"]
[ECO "C21"]
[NIC "KP.04"]
[Time "20:14:04"]
[PlyCount "51"]
[TimeControl "180+2"]

1. e4 e5 2. d4 exd4 3. c3 dxc3 4. Nxc3 Nc6 5. Nf3 d6 6. Bc4 Nf6 7. Bg5 Be7
8. O-O O-O 9. Re1 Bg4 10. h3 Bh5 11. Bxf6 Bxf6 12. Nd5 Ne5 13. Be2 c6 14.
Nxf6+ Qxf6 15. Nh2 Bg6 16. Bf1 Nc4 17. Bxc4 Qxb2 18. Re2 Qc3 19. Rc1 Qb4
20. f4 h6 21. f5 Bh7 22. Rf2 d5 23. exd5 cxd5 24. Bxd5 Rad8 25. Qf3 Qc5 26.
Rxc5 { Black resigns } 1-0

[Event "ICC tourney 2308 (3 2)"]
[Site "Internet Chess Club"]
[Date "2021.01.15"]
[Round "2"]
[White "leilei8514"]
[Black "pracheth18"]
[Result "1-0"]
[ICCResult "Black resigns"]
[WhiteElo "1397"]
[BlackElo "1733"]
[Opening "French: Tarrasch, open variation"]
[ECO "C07"]
[NIC "FR.18"]
[Time "20:13:30"]
[PlyCount "101"]
[TimeControl "180+2"]

1. e4 e6 2. d4 d5 3. Nd2 c5 4. Ngf3 Nc6 5. Bb5 Bd7 6. exd5 exd5 7. O-O Nxd4
8. Bxd7+ Qxd7 9. Nxd4 cxd4 10. Nf3 Be7 11. Qxd4 Nf6 12. h3 O-O 13. Bd2 b6
14. Bc3 Bc5 15. Qd3 Ne4 16. Rad1 Nxc3 17. Qxc3 Rad8 18. Ne5 Qe6 19. Rfe1
Qf6 20. Qf3 Qxf3 21. Nxf3 f6 22. c3 Kf7 23. Nd4 Rfe8 24. Kf1 Re4 25. f3
Rxe1+ 26. Kxe1 Re8+ 27. Kf2 Bxd4+ 28. Rxd4 Ke6 29. Rd2 Rc8 30. Ke3 Rc4 31.
Rd4 b5 32. Rxc4 bxc4 33. Kd4 Kd6 34. f4 g6 35. g4 h6 36. h4 a6 37. b4 cxb3
38. axb3 a5 39. b4 axb4 40. cxb4 Kc6 41. b5+ Kxb5 42. Kxd5 g5 43. hxg5 hxg5
44. f5 Kb4 45. Ke6 Kc4 46. Kxf6 Kd5 47. Kxg5 Kd6 48. f6 Ke6 49. Kg6 Kd7 50.
f7 Ke7 51. Kg7 { Black resigns } 1-0

[Event "ICC tourney 2308 (3 2)"]
[Site "Internet Chess Club"]
[Date "2021.01.15"]
[Round "2"]
[White "jy2020"]
[Black "Sparta250"]
[Result "0-1"]
[ICCResult "White resigns"]
[WhiteElo "2213"]
[BlackElo "2702"]
[Opening "Caro-Kann: two knights variation"]
[ECO "B10"]
[NIC "CK.01"]
[Time "20:13:09"]
[PlyCount "92"]
[TimeControl "180+2"]

1. e4 c6 2. Nf3 d5 3. Nc3 Nf6 4. exd5 cxd5 5. d4 Nc6 6. Bd3 Bg4 7. Be3 e6
8. h3 Bh5 9. O-O Bd6 10. Be2 O-O 11. Nd2 Bxe2 12. Qxe2 Re8 13. Nf3 Qb6 14.
b3 Rac8 15. Qd3 Qa5 16. a3 a6 17. Ne2 Ne4 18. Nd2 Nxd2 19. Bxd2 Qc7 20. c4
dxc4 21. bxc4 Red8 22. Qe3 Ne7 23. Rac1 Nf5 24. Qb3 Qe7 25. Bb4 Bxb4 26.
axb4 Nxd4 27. Nxd4 Rxd4 28. Rfd1 Rcd8 29. Rxd4 Rxd4 30. Rd1 Qd7 31. Rxd4
Qxd4 32. Qg3 g6 33. Qb8+ Kg7 34. Qxb7 Qxc4 35. Qb6 h5 36. Kh2 h4 37. Qd6 g5
38. Qe5+ Kg6 39. Qd6 Qf4+ 40. Qxf4 gxf4 41. Kg1 Kf5 42. Kf1 Ke4 43. Ke2 f3+
44. gxf3+ Kf4 45. Ke1 Kxf3 46. Kf1 e5 { White resigns } 0-1

[Event "ICC tourney 2308 (3 2)"]
[Site "Internet Chess Club"]
[Date "2021.01.15"]
[Round "2"]
[White "chessrex"]
[Black "RatislavK"]
[Result "1-0"]
[ICCResult "Black resigns"]
[WhiteElo "1949"]
[BlackElo "1533"]
[Opening "Blackmar-Diemer gambit"]
[ECO "A45"]
[NIC "QP.07"]
[Time "20:13:25"]
[PlyCount "49"]
[TimeControl "180+2"]

1. d4 Nf6 2. f3 d5 3. e4 dxe4 4. Nc3 exf3 5. Nxf3 Bg4 6. h3 Bxf3 7. Qxf3
Nc6 8. Bb5 e6 9. Bxc6+ bxc6 10. Qxc6+ Nd7 11. O-O Bd6 12. Ne4 O-O 13. Nxd6
cxd6 14. Qxd6 Rc8 15. c3 Rb8 16. Qg3 Re8 17. Bh6 g6 18. Rf2 e5 19. Raf1 f5
20. dxe5 Rxe5 21. Bf4 Reb5 22. Bxb8 Rxb8 23. Rxf5 Qb6+ 24. R5f2 Rf8 25. Kh1
{ Black resigns } 1-0

[Event "ICC tourney 2308 (3 2)"]
[Site "Internet Chess Club"]
[Date "2021.01.15"]
[Round "2"]
[White "hackerguru"]
[Black "WaSabi5829"]
[Result "1-0"]
[ICCResult "Black resigns"]
[WhiteElo "1750"]
[BlackElo "1386"]
[Opening "English: symmetrical, Botvinnik system"]
[ECO "A36"]
[NIC "EO.30"]
[Time "20:13:09"]
[PlyCount "65"]
[TimeControl "180+2"]

1. c4 c5 2. Nc3 Nc6 3. g3 g6 4. Bg2 Bg7 5. e4 e5 6. Nge2 d6 7. O-O Nge7 8.
d3 O-O 9. Be3 f5 10. exf5 gxf5 11. Nd5 Nxd5 12. cxd5 Ne7 13. f4 exf4 14.
Nxf4 Bxb2 15. Rb1 Bg7 16. d4 b6 17. dxc5 bxc5 18. Nh5 Ng6 19. Nxg7 Kxg7 20.
Qh5 Qf6 21. Bh6+ Kg8 22. Bxf8 Qxf8 23. Bh3 f4 24. Bxc8 Rxc8 25. Rb7 Ne7 26.
Qg4+ Kh8 27. Rxe7 Qxe7 28. Qxc8+ Kg7 29. Qg4+ Kh8 30. Qxf4 Kg7 31. Qg4+ Kh8
32. Qe6 Qd8 33. Rf7 { Black resigns } 1-0

[Event "ICC tourney 2308 (3 2)"]
[Site "Internet Chess Club"]
[Date "2021.01.15"]
[Round "2"]
[White "ThomasBoyle"]
[Black "bnielsen19"]
[Result "0-1"]
[ICCResult "White checkmated"]
[WhiteElo "1283"]
[BlackElo "1565"]
[Opening "Sicilian: Smith-Morra gambit"]
[ECO "B21"]
[NIC "SI.48"]
[Time "20:13:49"]
[PlyCount "88"]
[TimeControl "180+2"]

1. e4 c5 2. d4 cxd4 3. c3 dxc3 4. Nxc3 e6 5. Nf3 a6 6. Bc4 Qc7 7. Bb3 b5 8.
O-O Bb7 9. Qe2 d6 10. Bf4 Nd7 11. Rac1 Qb6 12. Be3 Nc5 13. a4 b4 14. Na2 a5
15. Bc4 Bc6 16. b3 Nf6 17. e5 Nd5 18. Bd4 Be7 19. exd6 Bxd6 20. Ne5 Bxe5
21. Qxe5 O-O-O 22. Bxc5 Qc7 23. Qxc7+ Kxc7 24. Bxd5 Rxd5 25. Be3 Rhd8 26.
Rb1 e5 27. Nc1 f5 28. Ne2 f4 29. Nxf4 exf4 30. Bxf4+ Kb6 31. Be3+ Ka6 32.
Rbc1 Be8 33. Rc7 R8d7 34. Rc8 Bg6 35. Ra8+ Kb7 36. Ra7+ Kc6 37. Rc1+ Kd6
38. Bf4+ Ke6 39. Re1+ Kf5 40. Rxd7 Rxd7 41. Be3 Bf7 42. Rc1 Bxb3 43. Rc5+
Kg6 44. Rxa5 Rd1# { White checkmated } 0-1